 Dungeon Crawl Stone Soup version 0.23.2-1-ga50397a6bc (webtiles) character file.

Game seed: 14358047791375602997

247 Ethylacetat the Ruffian (level 6, -5/52 HPs)
             Began as a Naga Transmuter on Apr 14, 2019.
             Slain by a centaur (7 damage)
             ... on level 5 of the Dungeon.
             The game lasted 00:09:09 (3238 turns).

Ethylacetat the Ruffian (Naga Transmuter)           Turns: 3238, Time: 00:09:09

Health: -5/52      AC:  2    Str: 13    XL:     6   Next: 11%
Magic:  8/10       EV: 19    Int: 15    God:
Gold:   216        SH:  2    Dex: 16    Spells: 3/11 levels left

rFire    . . .     SeeInvis +     - Unarmed
rCold    . . .     Gourm    .   (shield currently unavailable)
rNeg     . . .     Faith    .   (armour currently unavailable)
rPois    x         Spirit   .   (helmet currently unavailable)
rElec    .         Reflect  +   (cloak currently unavailable)
rCorr    .         Harm     .   (gloves currently unavailable)
MR       .....                  (no barding)
Stlth    +.........             k - +2 amulet of reflection
HPRegen  0.17/turn              (no ring)
MPRegen  0.12/turn              (no ring)

@: spider-form
A: tiny, see invisible, slow metabolism 1, spit poison 1, AC +2
a: Spit Poison, End Transformation


You were on level 5 of the Dungeon.
You were not hungry.
You were a venomous arachnid creature.
You visited 1 branch of the dungeon, and saw 5 of its levels.

You collected 216 gold pieces.

Inventory:

Missiles
 a - 80 arrows
Armour
 b - a +0 robe (melded)
 j - a +2 buckler of protection (melded)
 p - a +0 cloak (melded)
Jewellery
 k - a +2 amulet of reflection (around neck)
Wands
 q - a wand of digging (7)
Scrolls
 c - a scroll of magic mapping {unknown}
 e - 2 scrolls of remove curse
 h - a scroll of teleportation {unknown}
 i - 2 scrolls of fog {unknown}
 l - 2 scrolls of fear {unknown}
 o - 3 scrolls of identify
 r - 2 scrolls of enchant weapon {unknown}
 s - 2 scrolls of enchant armour {unknown}
Potions
 f - a potion of degeneration {unknown}
 g - 2 potions of curing {unknown}
 m - a potion of resistance {unknown}
 n - 4 potions of heal wounds
 t - a potion of brilliance
 u - a potion of haste
Comestibles
 d - 11 rations
 v - a chunk of flesh


   Skills:
 + Level 2.2 Fighting
 - Level 1.5 Dodging
 * Level 1.4 Shields
 + Level 3.7 Unarmed Combat
 + Level 3.0 Spellcasting
 + Level 3.0 Transmutations
 + Level 0.0 Ice Magic
 * Level 3.3 Poison Magic


You had 3 spell levels left.
You knew the following spells:

 Your Spells              Type           Power        Failure   Level  Hunger
a - Beastly Appendage     Tmut           ##....       17%         1    #......
b - Spider Form           Tmut/Pois      ##........   34%         3    ###....
c - Ice Form              Ice/Tmut       #.......     87%         4    #####..

Your spell library contained the following spells:

 Spells                   Type           Power        Failure   Level  Hunger
 Sticks to Snakes         Tmut           ##......     22%         2    ##.....
 Blade Hands              Tmut           ##........   95%         5    ######.


Dungeon Overview and Level Annotations

Branches:
Dungeon (5/15)
 Temple: D:4-7

Altars:
Elyvilon
Qazlal
Ru


Innate Abilities, Weirdness & Mutations

You cannot wear boots.
((Your serpentine skin is tough. (AC +2)))
You have supernaturally acute eyesight. (SInv)
((Armour fits poorly on your strangely shaped body.))
((Your system is resistant to poisons. (rPois)))
((You cover ground very slowly.))
You have a slow metabolism.
You can spit poison.


Message History

* * * LOW HITPOINT WARNING * * *
You hit the centaur.
The centaur is heavily wounded.
The centaur misses you. The centaur hits you.
* * * LOW HITPOINT WARNING * * *
You hit the centaur but do no damage.
The centaur is poisoned.
The centaur is heavily wounded.
The centaur hits you.
* * * LOW HITPOINT WARNING * * *
You hit the centaur.
The centaur is severely wounded.
The centaur barely misses you. The centaur hits you.
* * * LOW HITPOINT WARNING * * *
You hit the centaur but do no damage.
The centaur is severely wounded.
The centaur completely misses you.
You hit the centaur but do no damage.
The centaur looks as sick as possible!
The centaur is severely wounded.
You block the centaur's attack. The centaur hits you!
You die...

##########
#(.......######
#.#########...###
# #(# #E#...#E#
#. #(#
####...#### #.#
#s# ##.........#
#..######c#
#....._....# ###
#....##.#
#..........#
..###......#
#.###...####
#.#....####
###.#E#...#E#
#.##.##
#...###...###
#.##.# #.###
##### #.##.# #.#
#.##.# #.#


You could see a centaur.

Vanquished Creatures
  A scorpion (D:4)
  Terence (D:2)
  2 worker ants (D:4)
  5 adders
  3 worms
  3 dart slugs
  4 leopard geckos
  5 orcs
  A ball python (D:2)
  2 giant cockroaches
  4 goblins
  8 hobgoblins
  6 kobolds
  2 quokkas (D:2)
  6 bats
  4 frilled lizards
  A jackal skeleton (D:4)
  A leopard gecko skeleton (D:4)
  A quokka skeleton (D:4)
  5 rats
65 creatures vanquished.

Notes
Turn   | Place    | Note
-------+----------+-------------------------------------------
     0 | D:1      | Ethylacetat the Naga Transmuter began the quest for the
                  | Orb.
     0 | D:1      | Reached XP level 1. HP: 18/18 MP: 3/3
    61 | D:1      | Reached XP level 2. HP: 9/25 MP: 5/5
  1215 | D:2      | Reached XP level 3. HP: 31/31 MP: 6/6
  1220 | D:2      | Learned a level 3 spell: Spider Form
  1275 | D:2      | Noticed Terence
  1284 | D:2      | Killed Terence
  1284 | D:2      | Reached skill level 1 in Poison Magic
  1361 | D:2      | Reached XP level 4. HP: 20/39 MP: 7/7
  1712 | D:3      | Found a faded altar of an unknown god.
  2273 | D:3      | Found a white marble altar of Elyvilon.
  2518 | D:4      | Reached XP level 5. HP: 42/45 MP: 5/9
  2643 | D:4      | Reached skill level 1 in Shields
  3005 | D:4      | Reached XP level 6. HP: 52/52 MP: 6/10
  3080 | D:4      | Learned a level 4 spell: Ice Form
  3100 | D:5      | Entered Level 5 of the Dungeon
  3175 | D:5      | Noticed a water elemental
  3177 | D:5      | Found a stormy altar of Qazlal.
  3178 | D:5      | Noticed a fire elemental
  3178 | D:5      | Noticed an air elemental
  3205 | D:5      | Found a sacrificial altar of Ru.
  3236 | D:5      | HP: 1/52 [centaur (5)]
  3238 | D:5      | Slain by a centaur

Skill      XL: |  1  2  3  4  5 |
---------------+----------------+-----
Poison Magic   | 1 2 3 |  3.3
Fighting       | 2 |  2.2
Shields        | 1 |  1.4
Spellcasting   | 3 |  3.0
Transmutations | 3 |  3.0
Dodging        | |  1.5
Unarmed Combat | |  3.7

Action                   |  1- 3 |  4- 6 || total
-------------------------+-------+-------++-------
Melee: Unarmed           |    69 |   133 ||   202
       Punch             |     1 |       ||     1
 Cast: Spider Form       |     1 |     7 ||     8
 Abil: Spit Poison       |    13 |    21 ||    34
  Use: Potion            |       |     6 ||     6
       Scroll            |       |     2 ||     2
 Stab: Sleeping          |       |     1 ||     1
  Eat: Chunk             |     2 |     7 ||     9
Armor: Robe              |     3 |    34 ||    37
Dodge: Dodged            |    38 |   111 ||   149
Block: Buckler           |       |    18 ||    18
       Other             |       |     1 ||     1
